 Dungeon Sprint DCSS version 0.19.0-19-g8c6edcc (webtiles) character file.

6997 poirepourri the Imperceptible (level 10, -11/48 HPs)
             Began as a Spriggan Enchanter on Nov 15, 2016.
             Was the Champion of Dithmenos.
             Mangled by a sun demon (16 damage)
             ... summoned by an obsidian statue
             ... in the Dungeon (Sprint III: "The Ten Rune Challenge").
             The game lasted 00:06:51 (1863 turns).

poirepourri the Imperceptible (Spriggan Enchanter)  Turns: 1863, Time: 00:06:53

Health: -11/48     AC:  3    Str:  4    XL:     10   Next: 82%
Magic:  24/27      EV: 24    Int: 16    God:    Dithmenos [******]
Gold:   20         SH:  0    Dex: 21    Spells: 5 memorised, 21 levels left

rFire  . . .     SeeInvis +     a - +1 dagger
rCold  . . .     Gourm    .     b - +1 robe
rNeg   . . .     Faith    .     (shield restricted)
rPois  .         Spirit   .     (helmet restricted)
rElec  .         Reflect  .     (no cloak)
rCorr  .         Harm     .     (gloves unavailable)
MR     +....     NoTele   +     (boots unavailable)
Stlth  ++++++++++               (no amulet)
                                (no ring)
                                (no ring)

@: wreathed by umbra, very quick
A: unfitting armour, see invisible, herbivore 3, speed 3, slow metabolism 2
a: Shadow Step, Shadow Form, Renounce Religion


You were in the Dungeon.
You worshipped Dithmenos.
Dithmenos was exalted by your worship.
You were completely stuffed.

You visited 1 branch You collected 20 gold pieces.

Inventory:

Hand Weapons
 a - a +1 dagger (weapon)
Missiles
 r - 4 throwing nets (quivered)
Armour
 b - a +1 robe (worn)
Wands
 i - a wand of confusion (18/48)
Potions
 e - a potion of curing
 g - 2 potions of haste
 h - 2 potions of mutation
 k - a potion of invisibility
 l - a potion of might
 m - 2 potions of cure mutation
 n - a potion of flight
 p - a potion of ambrosia {unknown}
 q - a potion of resistance
Books
 c - a book of Maledictions

   Spells                             Type                      Level
   a - Corona                         Hexes                        1
   b - Ensorcelled Hibernation        Hexes/Ice                    2
   c - Confuse                        Hexes                        3
   d - Tukima's Dance                 Hexes                        3
   e - Dazzling Spray                 Conjuration/Hexes            3
Comestibles
 d - 29 royal jellies


   Skills:
 + Level 2.9 Fighting
 + Level 7.9 Short Blades
 + Level 7.0 Dodging
 + Level 25.5 Stealth
 + Level 12.4 Spellcasting
 + Level 1.5 Conjurations
 + Level 12.6 Hexes
 - Level 4.2 Ice Magic
 + Level 0.4 Invocations


You had 21 spell levels left.
You knew the following spells:

 Your Spells              Type           Power        Failure   Level  Hunger
a - Corona                Hex            ######.      1%          1    None
b - Ensorcelled Hibernat  Hex/Ice        #####.       1%          2    None
c - Confuse               Hex            ######..     1%          3    None
d - Tukima's Dance        Hex            ######..     1%          3    None
e - Dazzling Spray        Conj/Hex       ####..       1%          3    None


Dungeon Overview and Level Annotations

Branches:
Dungeon (1/1)

Altars:
Cheibriados
Dithmenos
Elyvilon
Fedhas
Gozag
Hepliaklqana
Kikubaaqudgha
Makhleb
Nemelex Xobeh
Okawaru
Qazlal
Ru
Sif Muna
Trog
Uskayaw
Vehumet
Xom
Yredelemnul
Zin
The Shining One
Beogh
Jiyva
Lugonu

Annotations:
D exclusion: obsidian statue


Innate Abilities, Weirdness & Mutations

You are very small and have problems with some larger weapons.
You are too small for most types of armour.
You have supernaturally acute eyesight. (SInv)
You are a herbivore.
You cover ground extremely quickly.
You need consume almost no food.


Message History

You hit the obsidian statue but do no damage.
The obsidian statue is severely damaged.
The obsidian statue's eyes glow briefly.
Unknown command.
You hit the obsidian statue but do no damage.
The obsidian statue is severely damaged.
The ynoxinul disappears in a puff of smoke!
The soul eater draws from the surrounding life force!
Unknown command.
You hit the obsidian statue but do no damage.
The obsidian statue is severely damaged.
The sun demon misses you. The red devil completely misses you.
The soul eater completely misses you.
You hit the obsidian statue but do no damage.
The obsidian statue is severely damaged.
The sun demon hits you!!
Ouch! That really hurt!
* * * LOW HITPOINT WARNING * * *
You emit a cloud of dark smoke.
You are engulfed in flames!
You die...

#...)P# ≈
#'#####
#.....+
#.##### #.#
#.# #.# ##
#.# ###8#
#.# ##§@3#
#.#+#.§34§#
#.#..§§§§§#
#.#..§§§§§
#.........
#########.


You could see an obsidian statue, a soul eater, a sun demon and a red devil.

Vanquished Creatures
  Dowan (D)
  Erolcha (D)
  A deep elf mage (D)
  Duvessa (D)
  3 wandering mushrooms (D)
  An orc high priest (D)
  A queen bee (D)
  2 redbacks (D)
  A shadow (D)
  2 hill giants (D)
  A spatial vortex (D)
  A necrophage (D)
  3 two-headed ogres (D)
  A water elemental (D)
  32 killer bees (D)
  A jelly (D)
  3 orc priests (D)
  A wizard (D)
  Jessica (D)
  A necromancer (D)
  3 humans (D)
  A kobold demonologist (D)
  A wolf (D)
  3 rats (D)
67 creatures vanquished.

Vanquished Creatures (others)
  2 draconian scorchers (D)
  6 hellions (D)
  A yaktaur (D)
  An electric eel (D)
  7 plants (D)
17 creatures vanquished.

Grand Total: 84 creatures vanquished

Notes
Turn   | Place    | Note
-------+----------+-------------------------------------------
     0 | D        | poirepourri the Spriggan Enchanter began the quest for the Orb.
     0 | D        | Reached XP level 1. HP: 9/9 MP: 5/5
    43 | D        | Noticed Jessica
    57 | D        | Killed Jessica
    57 | D        | Reached skill level 6 in Stealth
    57 | D        | Reached skill level 5 in Hexes
    57 | D        | Reached XP level 2. HP: 13/13 MP: 6/8
    85 | D        | Learned a level 2 spell: Ensorcelled Hibernation
    98 | D        | Killed a hellion
    98 | D        | Killed a hellion
    98 | D        | Killed a hellion
    99 | D        | Killed a hellion
   105 | D        | Killed a hellion
   105 | D        | Killed a hellion
   147 | D        | Reached XP level 3. HP: 8/16 MP: 5/10
   181 | D        | Killed a yaktaur
   191 | D        | Reached skill level 7 in Stealth
   191 | D        | Reached skill level 5 in Spellcasting
   208 | D        | Killed a white draconian scorcher
   240 | D        | Killed a white draconian scorcher
   328 | D        | Learned a level 3 spell: Confuse
   332 | D        | Learned a level 3 spell: Tukima's Dance
   336 | D        | Learned a level 3 spell: Dazzling Spray
   343 | D        | Noticed a water elemental
   346 | D        | Killed a water elemental
   346 | D        | Reached skill level 5 in Dodging
   346 | D        | Reached skill level 8 in Stealth
   346 | D        | Reached skill level 1 in Ice Magic
   346 | D        | Reached XP level 4. HP: 21/21 MP: 11/13
   364 | D        | Found a radiant altar of Vehumet.
   364 | D        | Found a deep blue altar of Sif Muna.
   364 | D        | Found an ancient bone altar of Kikubaaqudgha.
   364 | D        | Noticed a wizard
   366 | D        | Killed a wizard
   366 | D        | Reached skill level 9 in Stealth
   366 | D        | Reached XP level 5. HP: 24/24 MP: 14/14
   383 | D        | Found a basalt altar of Yredelemnul.
   383 | D        | Found a shadowy altar of Dithmenos.
   383 | D        | Found a sacrificial altar of Ru.
   383 | D        | Noticed a necrophage
   393 | D        | Killed a necrophage
   393 | D        | Reached skill level 10 in Stealth
   393 | D        | Reached XP level 6. HP: 29/29 MP: 6/17
   399 | D        | Became a worshipper of Dithmenos the Shadowed
   437 | D        | Found a hide-covered altar of Uskayaw.
   437 | D        | Found a roughly hewn altar of Beogh.
   437 | D        | Found an iron altar of Okawaru.
   437 | D        | Found a bloodstained altar of Trog.
   437 | D        | Noticed a human
   438 | D        | Noticed a human
   476 | D        | Killed a human
   476 | D        | Reached skill level 1 in Fighting
   476 | D        | Reached skill level 11 in Stealth
   494 | D        | Found a glowing silver altar of Zin.
   496 | D        | Killed a human
   496 | D        | Reached skill level 12 in Stealth
   496 | D        | Reached XP level 7. HP: 33/33 MP: 1/20
   607 | D        | Found a glowing golden altar of the Shining One.
   609 | D        | Found a white marble altar of Elyvilon.
   610 | D        | Noticed a deep elf mage
   612 | D        | Killed a deep elf mage
   612 | D        | Reached * piety under Dithmenos
   612 | D        | Reached skill level 5 in Short Blades
   612 | D        | Reached skill level 14 in Stealth
   612 | D        | Reached skill level 1 in Conjurations
   612 | D        | Reached skill level 10 in Hexes
   630 | D        | Noticed a shadow
   633 | D        | Killed a shadow
   633 | D        | Reached skill level 10 in Spellcasting
   633 | D        | Reached XP level 8. HP: 38/38 MP: 23/23
   637 | D        | Reached ** piety under Dithmenos
   644 | D        | Found a blossoming altar of Fedhas.
   644 | D        | Found a stormy altar of Qazlal.
   644 | D        | Found a snail-covered altar of Cheibriados.
   644 | D        | Found a burning altar of Makhleb.
   644 | D        | Found a shimmering altar of Xom.
   645 | D        | Found a hazy altar of Hepliaklqana.
   645 | D        | Found an opulent altar of Gozag.
   645 | D        | Found a sparkling altar of Nemelex Xobeh.
   645 | D        | Found a corrupted altar of Lugonu.
   645 | D        | Found a viscous altar of Jiyva.
   647 | D        | Reached skill level 15 in Stealth
   694 | D        | Reached skill level 16 in Stealth
   700 | D        | Reached *** piety under Dithmenos
   700 | D        | Reached skill level 17 in Stealth
   704 | D        | Noticed Erolcha
   709 | D        | Killed Erolcha
   709 | D        | Reached skill level 20 in Stealth
   709 | D        | Reached XP level 9. HP: 42/42 MP: 19/24
   821 | D        | Reached skill level 21 in Stealth
   827 | D        | Reached **** piety under Dithmenos
   912 | D        | Noticed Dowan
   912 | D        | Noticed Duvessa
   914 | D        | Killed Duvessa
   914 | D        | Reached skill level 22 in Stealth
   931 | D        | Killed Dowan
   931 | D        | Reached skill level 23 in Stealth
   931 | D        | Reached XP level 10. HP: 47/47 MP: 19/26
   995 | D        | Reached skill level 24 in Stealth
  1002 | D        | Reached ***** piety under Dithmenos
  1167 | D        | Reached ****** piety under Dithmenos
  1704 | D        | Reached skill level 25 in Stealth
  1856 | D        | Noticed an obsidian statue
  1858 | D        | Noticed a soul eater
  1861 | D        | Noticed a sun demon
  1863 | D        | Mangled by a sun demon

Skill      XL: |  1  2  3  4  5  6  7  8  9 10 |
---------------+-------------------------------+-----
Spellcasting   | 4 6 7 8 10 11 12 | 12.4
Hexes          | 5 7 8 9 10 11 12 | 12.6
Dodging        | 4 5 6 7 |  7.0
Stealth        | 6 8 9 10 12 14 20 23 25 | 25.5
Short Blades   | 2 3 4 5 6 7 |  7.9
Ice Magic      | 1 2 3 4 |  4.2
Fighting       | 1 2 |  2.9
Conjurations   | 1 |  1.5
Invocations    | |  0.4

Action                   |  1- 3 |  4- 6 |  7- 9 | 10-12 || total
-------------------------+-------+-------+-------+-------++-------
Melee: Dagger            |    16 |    17 |    31 |    68 ||   132
 Cast: Ensorcelled Hiber |    13 |     4 |     3 |    41 ||    61
       Confuse           |       |     2 |     2 |     3 ||     7
       Dazzling Spray    |       |     4 |       |       ||     4
Invok: Shadow Step       |       |       |     1 |     2 ||     3
  Use: Potion            |     4 |       |       |     1 ||     5
       Scroll            |     7 |       |       |     1 ||     8
 Stab: Sleeping          |     4 |     4 |    12 |    35 ||    55
       Confused          |       |     4 |     4 |     1 ||     9
       Distracted        |       |       |       |     4 ||     4
  Eat: Bread ration      |       |       |       |     1 ||     1
       Royal jelly       |       |       |       |     1 ||     1
Armor: Robe              |     1 |     1 |       |       ||     2
Dodge: Dodged            |    23 |    10 |     5 |    91 ||   129
